 Dungeon Crawl Stone Soup version 0.21.1-1-g345015f (webtiles) character file.

8971 kae the Martial Artist (level 11, 0/74 HPs)
             Began as an Octopode Transmuter on May 26, 2018.
             Was a Priest of Cheibriados.
             Succumbed to a redback's poison
             ... on level 2 of the Lair of Beasts.
             The game lasted 00:12:41 (13575 turns).

kae the Martial Artist (Octopode Transmuter)       Turns: 13575, Time: 00:12:41

Health: 0/74       AC:  3    Str: 19    XL:     11   Next: 39%
Magic:  0/20       EV: 20    Int: 29    God:    Cheibriados [***...]
Gold:   529        SH:  0    Dex: 28    Spells: 7/22 levels left

rFire    x . .     SeeInvis +     - Unarmed
rCold    + . .     Gourm    .   (shield currently unavailable)
rNeg     . . .     Faith    .   (helmet restricted)
rPois    +         Spirit   +   D - amulet "Ejuefim" {Spirit Dex+4 SInv}
rElec    .         Reflect  .   e - ring of poison resistance
rCorr    .         Harm     .   i - ring of ice
MR       .....                  (no ring)
Stlth    +++.......             (no ring)
HPRegen  0.22/turn              (no ring)
MPRegen  0.17/turn              (no ring)
                                (no ring)
                                (no ring)

@: brilliant, lethally poisoned (0 -> -34), blade tentacles, very slow
A: almost no armour, stealthy swim, amphibious, 8 rings, constrict 8, iridescent
scales 1, camouflage 1, strong 1, gelatinous body 1
a: End Transformation, Bend Time, Temporal Distortion, Renounce Religion


You were on level 2 of the Lair of Beasts.
You worshipped Cheibriados.
Cheibriados was most pleased with you.
You were very hungry.
You had blades for tentacles.
You visited 3 branches of the dungeon, and saw 12 of its levels.

You collected 529 gold pieces.

Inventory:

Missiles
 a - 247 arrows
Jewellery
 e - a ring of poison resistance (left scythe-like blade)
 h - an uncursed amulet of magic regeneration
 i - a ring of ice (right scythe-like blade)
 D - the amulet "Ejuefim" (around mantle) {Spirit Dex+4 SInv}
   (You found it on level 7 of the Dungeon)

   [amulet of guardian spirit]

   It causes incoming damage to be split between your health and magic.
   It affects your dexterity (+4).
   It lets you see invisible.
Wands
 v - a wand of disintegration (8)
 w - a wand of polymorph (10)
 x - a wand of paralysis (9)
 C - a wand of clouds (4)
Scrolls
 g - 3 scrolls of magic mapping
 j - 2 scrolls of remove curse
 l - a scroll of enchant armour
 m - a scroll of identify
 n - 3 scrolls of amnesia
 q - a scroll of fog
 s - a scroll of enchant weapon
 E - a scroll of blinking
Potions
 d - 2 potions of might
 f - 2 potions of lignification
 k - a potion of haste
 p - a potion of flight
 t - a potion of ambrosia
 z - a potion of brilliance
 A - 2 potions of cancellation {unknown}
 B - a potion of agility {unknown}
Books
 b - a book of Changes

   Spells                             Type                      Level
   a - Beastly Appendage              Transmutation                1
   b - Sticks to Snakes               Transmutation                2
   c - Spider Form                    Transmutation/Poison         3
   d - Ice Form                       Ice/Transmutation            4
   e - Blade Hands                    Transmutation                5
 o - a book of Maledictions

   Spells                             Type                      Level
   a - Corona                         Hexes                        1
   b - Ensorcelled Hibernation        Hexes/Ice                    2
   c - Confuse                        Hexes                        3
   d - Tukima's Dance                 Hexes                        3
   e - Dazzling Spray                 Conjuration/Hexes            3
Comestibles
 c - 14 rations


   Skills:
 + Level 6.5 Fighting
 + Level 6.9 Dodging
 * Level 9.9 Unarmed Combat
 + Level 6.4 Spellcasting
 * Level 9.6 Transmutations


You had 7 spell levels left.
You knew the following spells:

 Your Spells              Type           Power        Failure   Level  Hunger
a - Beastly Appendage     Tmut           ######       1%          1    None
b - Sticks to Snakes      Tmut           ######..     1%          2    None
c - Spider Form           Tmut/Pois      ######....   2%          3    None
d - Blade Hands           Tmut           ######....   3%          5    #####..
e - Ice Form              Ice/Tmut       ######..     5%          4    ###....


Dungeon Overview and Level Annotations

Branches:
Dungeon (9/15)             Temple (1/1) D:7            Lair (2/6) D:9
 Spider (0/4) Lair:2
  Swamp: Lair:2-4    Shoals: Lair:2-4       Orc: D:9-12

Altars:
Ashenzari
Cheibriados
Dithmenos
Elyvilon
Fedhas
Gozag
Hepliaklqana
Kikubaaqudgha
Makhleb
Nemelex Xobeh
Okawaru
Qazlal
Ru
Sif Muna
Trog
Uskayaw
Vehumet
Wu Jian
Xom
Yredelemnul
Zin
The Shining One

Annotations:
D:6 Eustachio


Innate Abilities, Weirdness & Mutations

You cannot wear most types of armour.
You are very stealthy in the water. (Stealth+)
You are amphibious.
You can wear up to eight rings at the same time.
You can use your tentacles to constrict eight enemies at once.
Your skin changes colour to match your surroundings (Stealth+).
Your rubbery body absorbs attacks. (AC +1, EV +1)
You are partially covered in iridescent scales. (AC +2)
Your muscles are strong. (Str +2)


Message History

The jumping spider barely misses you. The redback bites you!
The redback bites you.
* * * LOW HITPOINT WARNING * * *
You are lethally poisoned!
The redback poisons you!
The jumping spider leaps!
The jumping spider closely misses you.
The jumping spider bites you but does no damage.
The redback bites you.
* * * LOW HITPOINT WARNING * * *
The redback closely misses you.
The web tears apart.
* * * LOW HITPOINT WARNING * * *
You feel very sick. The jumping spider pounces on you!
* * * LOW HITPOINT WARNING * * *
The jumping spider bites you but does no damage.
The redback closely misses you. x2
It was a potion of brilliance.
You feel clever all of a sudden.
You die...

##### #....# #.>.s###
#.... #...^..# #...#
#.^/^^## #..###
#^^..^## ##....### #
#^ssĀ§.###.......##.#
#@s.............##
###.....#........# .
##...P..<.......
....#..............
#....##........#
#...###P.....###
##..# ##.....# #...
#.......# .#..
#......##


You could see 2 jumping spiders and 2 redbacks.

Vanquished Creatures
  A two-headed ogre (D:9)
  A spiny frog (Lair:1)
  5 blink frogs (Lair:1)
  4 hippogriffs
  A human (D:9)
  11 yaks
  A basilisk (Lair:1)
  4 water moccasins
  A phantom (D:9)
  2 sky beasts
  An ice beast (D:7)
  5 ogres
  An orc warrior (D:9)
  A black bear (D:7)
  5 wolves (Lair:1)
  5 centaurs
  3 crocodiles
  A big kobold (D:9)
  7 bullfrogs
  A scorpion (D:8)
  5 killer bees (D:9)
  3 howler monkeys
  A centaur zombie (D:5)
  A bullfrog zombie (D:8)
  2 crimson imps
  A quasit (D:8)
  A bullfrog skeleton (D:4)
  6 hounds
  2 jellies
  2 orc priests (D:8)
  A centaur skeleton (D:8)
  10 orc wizards
  3 iguanas
  4 worker ants
  2 worker ant zombies
  4 gnolls (D:8)
  10 adders
  2 oozes
  2 adder skeletons
  4 dart slugs
  2 leopard geckos
  30 orcs
  4 giant cockroaches
  8 hobgoblins
  9 jackals
  9 kobolds
  8 quokkas
  2 ball pythons
  6 bats
  6 frilled lizards
  2 goblins (D:3)
  A leopard gecko skeleton (D:8)
  3 rats
217 creatures vanquished.

Vanquished Creatures (collateral kills)
  An ogre (D:9)
  A jelly (D:5)
2 creatures vanquished.

Vanquished Creatures (others)
  4 fungi (D:9)
  2 plants (D:9)
6 creatures vanquished.

Grand Total: 225 creatures vanquished

Notes
Turn   | Place    | Note
-------+----------+-------------------------------------------
     0 | D:1      | kae the Octopode Transmuter began the quest for the Orb.
     0 | D:1      | Reached XP level 1. HP: 13/13 MP: 3/3
   145 | D:1      | Reached XP level 2. HP: 18/18 MP: 3/5
   825 | D:1      | Reached XP level 3. HP: 23/23 MP: 6/6
  1494 | D:2      | HP: 1/23 [poisoned by an adder]
  2123 | D:2      | Reached XP level 4. HP: 28/28 MP: 7/7
  2242 | D:2      | Found a shimmering altar of Xom.
  2585 | D:3      | Gained mutation: You are partially covered in iridescent scales. (AC +2) [potion of mutation]
  2585 | D:3      | Gained mutation: You are dopey. (Int -2) [potion of mutation]
  2585 | D:3      | Lost mutation: You are dopey. (Int -2) [potion of mutation]
  2585 | D:3      | Gained mutation: Your muscles are strong. (Str +2) [potion of mutation]
  2775 | D:3      | Reached XP level 5. HP: 26/34 MP: 8/8
  2942 | D:3      | Found a faded altar of an unknown god.
  3359 | D:3      | Found an opulent altar of Gozag.
  3739 | D:3      | Reached XP level 6. HP: 12/39 MP: 10/10
  3962 | D:3      | Learned a level 2 spell: Sticks to Snakes
  3966 | D:3      | Learned a level 3 spell: Spider Form
  4028 | D:4      | Found a sacrificial altar of Ru.
  4307 | D:4      | Found a sparkling altar of Nemelex Xobeh.
  4431 | D:5      | Entered Level 5 of the Dungeon
  4522 | D:5      | Reached XP level 7. HP: 29/45 MP: 11/11
  4634 | D:5      | Reached skill level 5 in Unarmed Combat
  5496 | D:6      | Reached skill level 5 in Transmutations
  5683 | D:6      | Reached XP level 8. HP: 42/52 MP: 13/13
  6357 | D:6      | Noticed Eustachio
  6434 | D:6      | Found a white marble altar of Elyvilon.
  6871 | D:7      | Noticed a hippogriff
  6883 | D:7      | Killed a hippogriff
  7342 | D:7      | Found an ancient bone altar of Kikubaaqudgha.
  7395 | D:7      | Found a staircase to the Ecumenical Temple.
  7722 | Temple   | Entered the Ecumenical Temple
  7813 | Temple   | Became a worshipper of Cheibriados the Contemplative
  8003 | D:7      | Got a translucent garnet amulet
  8436 | D:8      | Reached XP level 9. HP: 32/58 MP: 15/15
  9068 | D:8      | Reached skill level 5 in Dodging
  9615 | D:8      | Reached * piety under Cheibriados
  9615 | D:8      | Reached skill level 5 in Spellcasting
 10003 | D:9      | Identified the amulet "Ejuefim" {Spirit Dex+4 SInv} (You found it on level 7 of the Dungeon)
 10240 | D:9      | Reached skill level 5 in Fighting
 10280 | D:9      | Reached XP level 10. HP: 49/66 MP: 14/17
 10524 | D:9      | Reached ** piety under Cheibriados
 10872 | D:9      | Found a staircase to the Lair.
 11033 | D:9      | Noticed a two-headed ogre
 11043 | D:9      | Killed a two-headed ogre
 11385 | D:9      | Reached *** piety under Cheibriados
 11473 | D:9      | Found a deep blue altar of Sif Muna.
 11482 | D:9      | Found an ornate altar of the Wu Jian Council.
 12195 | Lair:1   | Entered Level 1 of the Lair of Beasts
 12346 | Lair:1   | Reached XP level 11. HP: 27/72 MP: 6/20
 12688 | Lair:1   | Found a deep blue altar of Sif Muna.
 13340 | Lair:1   | Learned a level 5 spell: Blade Hands
 13345 | Lair:1   | Learned a level 4 spell: Ice Form
 13564 | Lair:2   | Found a hole to the Spider Nest.
 13574 | Lair:2   | HP: 2/74 [jumping spider (12)]
 13575 | Lair:2   | Succumbed to a redback's poison

Skill      XL: |  1  2  3  4  5  6  7  8  9 10 |
---------------+-------------------------------+-----
Transmutations | 3 4 5 6 7 9 |  9.6
Unarmed Combat | 4 5 6 7 9 |  9.9
Fighting       | 2 3 4 5 6 |  6.5
Spellcasting   | 3 4 5 6 |  6.4
Dodging        | 3 4 5 6 |  6.9

Action                   |  1- 3 |  4- 6 |  7- 9 | 10-12 || total
-------------------------+-------+-------+-------+-------++-------
Melee: Unarmed           |    90 |   115 |   278 |   214 ||   697
       Constrict         |    19 |    39 |    32 |    23 ||   113
       Kick              |     5 |    30 |    15 |    41 ||    91
       Tentacles         |     9 |    26 |    45 |    37 ||   117
       Punch             |     1 |     3 |     8 |     8 ||    20
 Cast: Beastly Appendage |     9 |    23 |    13 |    13 ||    58
       Sticks to Snakes  |       |       |    12 |     5 ||    17
       Spider Form       |       |       |    15 |     8 ||    23
       Blade Hands       |       |       |       |     3 ||     3
Invok: Bend Time         |       |       |     3 |     1 ||     4
  Use: Scroll            |     3 |    11 |     4 |     3 ||    21
       Potion            |       |     1 |     4 |     5 ||    10
 Stab: Sleeping          |     4 |     3 |     5 |     4 ||    16
  Eat: Chunk             |     4 |     8 |    12 |     5 ||    29
       Ration            |       |       |     2 |       ||     2
Armor: Skin              |     9 |    13 |    15 |    13 ||    50
Dodge: Dodged            |    41 |    64 |   250 |   212 ||   567
